 Dungeon Crawl Stone Soup version 0.26-a0-710-g95a0c6c400 (webtiles) character file.

Game seed: 10645796277789533327

7093 Ijustatesigmund the Cleaver (level 11, -6/80 HPs)
             Began as an Octopode Monk on Oct 30, 2020.
             Was an Elder of Cheibriados.
             Mangled by a four-headed hydra (13 damage)
             ... on level 11 of the Dungeon.
             The game lasted 00:24:40 (13374 turns).

Ijustatesigmund the Cleaver (Octopode Monk)        Turns: 13374, Time: 00:24:41

Health: -6/80      AC:  3    Str: 21    XL:     11   Next: 9%
Magic:  0/14       EV: 22    Int: 26    God:    Cheibriados [****..]
Gold:   1837       SH:  0    Dex: 24    Spells: 14/14 levels left

rFire    + . .     SeeInvis .   z - +5 morningstar (curse)
rCold    . . .     Faith    .   (no shield)
rNeg     + . .     Spirit   +   (helmet restricted)
rPois    +         Reflect  .   t - amulet of guardian spirit
rElec    .         Harm     .   w - ring of resist corrosion
rCorr    +         Rampage  .   F - ring of positive energy
MR       .....     Rnd*Rage +   B - ring of poison resistance
Stlth    +++++.....             (no ring)
HPRegen  0.23/turn              (no ring)
MPRegen  0.14/turn              (no ring)
                                (no ring)
                                (no ring)

@: very slow
A: almost no armour, stealthy swim, amphibious, 8 rings, constrict 8, yellow
scales 1, camouflage 1, berserk 1, fire resistance 1, sense surroundings 1,
gelatinous body 1
a: Bend Time, Temporal Distortion, Slouch, Renounce Religion


You were on level 11 of the Dungeon.
You worshipped Cheibriados.
Cheibriados was greatly pleased with you.
You visited 2 branches of the dungeon, and saw 12 of its levels.
You also visited: Bailey.

You collected 1837 gold pieces.

Inventory:

Hand Weapons
 a - a +1 war axe of freezing
 k - a +0 hand crossbow
 z - a cursed +5 morningstar (weapon)
Missiles
 l - 107 bolts
 u - 4 curare-tipped darts (quivered)
 x - 5 throwing nets
 y - 4 atropa-tipped darts
Jewellery
 f - an uncursed ring of fire
 t - an amulet of guardian spirit (around mantle)
 w - a ring of resist corrosion (left tentacle)
 B - a ring of poison resistance (on tentacle)
 F - a ring of positive energy (right tentacle)
Wands
 c - a wand of iceblast (9)
 h - a wand of digging (15)
 j - a wand of flame (8)
Scrolls
 d - 3 scrolls of enchant armour
 e - 8 scrolls of fear
 i - 2 scrolls of teleportation
 s - 2 scrolls of fog
 v - 3 scrolls of remove curse
 A - a scroll of blinking
 C - a scroll of identify
 D - a scroll of holy word {unknown}
 E - a scroll of magic mapping
 H - a scroll of silence
Potions
 g - 3 potions of curing
 m - 3 potions of flight
 n - 3 potions of lignification
 o - 2 potions of stabbing
 p - 3 potions of brilliance {unknown}
 q - 2 potions of magic {unknown}
 r - a potion of invisibility {unknown}
 G - a potion of ambrosia {unknown}
 I - a potion of resistance {unknown}
Miscellaneous
 b - a lightning rod (4/4)


   Skills:
 + Level 9.4 Fighting
 + Level 9.4 Axes
 - Level 9.0 Dodging
 - Level 6.0 Stealth
 + Level 2.1 Spellcasting
 + Level 5.0 Invocations
 + Level 2.6 Evocations


You had 14 spell levels left.
You didn't know any spells.
Your spell library contained the following spells:

 Spells                   Type           Power        Failure   Level
 Confusing Touch          Hex            #.......     30%         3
 Gell's Gravitas          Tloc           #.........   30%         3
 Cause Fear               Hex            #.........   71%         4
 Petrify                  Tmut/Erth      #.......     71%         4
 Metabolic Englaciation   Hex/Ice        #.........   96%         5
 Silence                  Hex/Air        #.........   96%         5
 Yara's Violent Unravell  Hex/Tmut       #.........   96%         5
 Discord                  Hex            #.........   100%        8


Dungeon Overview and Level Annotations

Branches:
Dungeon (11/15)            Temple (1/1) D:5          Bailey (visited)
   Lair: D:8-11         Orc: D:9-12

Altars:
Ashenzari
Cheibriados
Dithmenos
Elyvilon
Fedhas
Gozag
Hepliaklqana
Kikubaaqudgha
Makhleb
Nemelex Xobeh
Okawaru
Qazlal
Ru
Sif Muna
Trog
Uskayaw
Vehumet
Wu Jian
Xom
Yredelemnul
Zin
The Shining One

Annotations:
D:5 1 runed translucent door


Innate Abilities, Weirdness & Mutations

You cannot wear most types of armour.
You are very stealthy in the water. (Stealth+)
You are amphibious.
You can wear up to eight rings at the same time.
You can use your tentacles to constrict eight enemies at once.
Your skin changes colour to match your surroundings (Stealth+).
Your rubbery body absorbs attacks. (AC +1, EV +1)
You are partially covered in yellow scales. (AC +2)
You tend to lose your temper in combat.
Your flesh is heat resistant. (rF+)
You passively map a small area around you.


Message History

You sock the four-headed hydra! You squeeze the four-headed hydra!
The four-headed hydra is moderately wounded.
The killer bee stings you! The killer bee completely misses you.
The four-headed hydra completely misses you. x2
The four-headed hydra misses you. The four-headed hydra bites you.
The killer bee completely misses you.
You hit the four-headed hydra. You squeeze the four-headed hydra!
The four-headed hydra is severely wounded.
The four-headed hydra misses you. The four-headed hydra bites you!!
The four-headed hydra bites you! The four-headed hydra bites you.
* * * LOW HITPOINT WARNING * * *
You hit the four-headed hydra.
The four-headed hydra is severely wounded.
The killer bee misses you. x2; The four-headed hydra bites you!
* * * LOW HITPOINT WARNING * * *
The four-headed hydra bites you!
* * * LOW HITPOINT WARNING * * *
The four-headed hydra bites you but does no damage.
The four-headed hydra bites you!
You die...

, ,, ..(#. , ....
* .........#
#..#.##..# , ,
#..#.##..# , * *
#..#..#yy#
##(.#..yyD## * # ,
......##@†# *
....#####.#......#
,
,#....<.....)...#
*
#.#####.##.#...#*
, ,, ,
......###.......
......... .######
.......##.## .#
.###........ .# *
* * #..........#
***,,


You could see a four-headed hydra and 4 killer bees.

Vanquished Creatures
  Pikel (D:6)
  A cyclops (D:10)
  A troll (D:10)
  Sigmund (D:2)
  A wraith (D:10)
  3 yaks (D:9)
  A water moccasin (D:10)
  Duvessa (D:7)
  An orc warrior (D:10)
  An ice beast (D:9)
  7 ogres
  2 phantoms
  2 black bears
  A necrophage (D:7)
  3 centaurs
  8 gnoll sergeants (Bailey)
  7 bullfrogs
  A water moccasin zombie (D:8)
  3 scorpions
  Dowan (D:7)
  13 wights
  6 killer bees
  A centaur zombie (D:6)
  7 hounds
  A quasit (D:9)
  2 jellies
  A centaur skeleton (D:6)
  6 gnoll shamans (Bailey)
  3 orc priests
  9 orc wizards
  Crazy Yiuf (D:3)
  Jessica (D:2)
  An iguana (D:4)
  5 worker ants
  A hound zombie (D:9)
  2 hound skeletons (D:4)
  A worker ant zombie (D:7)
  Robin (D:2)
  24 gnolls
  19 adders
  A shadow imp (D:6)
  2 white imps
  2 ufetubi
  2 oozes (D:4)
  3 worms
  A dart slug (D:1)
  4 leopard geckos
  25 orcs
  8 giant cockroaches
  9 goblins
  8 hobgoblins
  6 jackals
  5 quokkas
  6 bats
  8 frilled lizards
  A jackal skeleton (D:4)
  4 kobolds
  A quokka zombie (D:7)
  6 rats
254 creatures vanquished.

Vanquished Creatures (others)
  3 fungi (D:3)
  8 plants (D:5)
11 creatures vanquished.

Grand Total: 265 creatures vanquished

Notes
Turn   | Place    | Note
-------+----------+-------------------------------------------
     0 | D:1      | Ijustatesigmund the Octopode Monk began the quest for the
                  | Orb.
     0 | D:1      | Reached XP level 1. HP: 16/16 MP: 1/1
   212 | D:1      | Reached XP level 2. HP: 16/21 MP: 2/2
   427 | D:1      | Found a broken altar of Ashenzari.
   751 | D:2      | Reached XP level 3. HP: 25/26 MP: 3/3
  1182 | D:2      | Reached XP level 4. HP: 28/31 MP: 4/4
  1263 | D:2      | Noticed Robin
  1270 | D:2      | Killed Robin
  1452 | D:2      | Found a broken altar of Ashenzari.
  1455 | D:2      | Noticed Sigmund
  1460 | D:2      | Gained mutation: You passively map a small area around you.
                  | [potion of mutation]
  1460 | D:2      | Gained mutation: You are partially covered in yellow
                  | scales. (AC +2) [potion of mutation]
  1460 | D:2      | Gained mutation: You tend to lose your temper in combat.
                  | [potion of mutation]
  1460 | D:2      | Gained mutation: Your flesh is heat resistant. (rF+)
                  | [potion of mutation]
  1468 | D:2      | Killed Sigmund
  1468 | D:2      | Reached XP level 5. HP: 36/37 MP: 5/5
  1468 | D:2      | Reached XP level 6. HP: 42/43 MP: 6/6
  1595 | D:2      | Found a shimmering altar of Xom.
  1626 | D:2      | Noticed Jessica
  1634 | D:2      | Killed Jessica
  1634 | D:2      | Reached skill level 5 in Stealth
  1944 | D:3      | Found an opulent altar of Gozag.
  2781 | D:3      | Found a runed translucent door.
  2782 | D:3      | Noticed Crazy Yiuf
  2790 | D:3      | Killed Crazy Yiuf
  2835 | D:4      | Reached XP level 7. HP: 49/49 MP: 7/7
  3223 | D:4      | Reached skill level 5 in Dodging
  3357 | D:4      | Found a bloodstained altar of Trog.
  3427 | D:4      | Reached skill level 5 in Fighting
  3427 | D:4      | Reached skill level 5 in Axes
  3683 | D:4      | Reached XP level 8. HP: 56/56 MP: 8/8
  4044 | D:5      | Entered Level 5 of the Dungeon
  4143 | D:5      | Found a staircase to the Ecumenical Temple.
  4150 | Temple   | Entered the Ecumenical Temple
  4400 | D:5      | Found a basalt altar of Yredelemnul.
  4649 | D:5      | Found a runed translucent door.
  4649 | D:5      | Noticed an angel
  4650 | D:5      | Found a glowing golden altar of the Shining One.
  5573 | D:6      | Identified a scroll of acquirement
  5573 | D:6      | Acquired 1033 gold pieces
  5701 | D:6      | Noticed Pikel
  5709 | D:6      | Killed Pikel
  5709 | D:6      | Reached XP level 9. HP: 60/64 MP: 9/9
  5755 | D:6      | Found a stormy altar of Qazlal.
  6373 | D:7      | Found a flagged portal.
  6383 | Bailey   | Entered a bailey
  6571 | Bailey   | Identified the +10 chain mail of Qoerusy {rPois Dex+2}
  8631 | D:7      | Found a snail-covered altar of Cheibriados.
  9183 | D:7      | Became a worshipper of Cheibriados the Contemplative
  9183 | D:7      | Reached * piety under Cheibriados
  9183 | D:7      | Reached ** piety under Cheibriados
  9397 | D:7      | Reached skill level 1 in Invocations
  9398 | D:7      | Reached XP level 10. HP: 64/72 MP: 8/10
  9602 | D:7      | Noticed Duvessa
  9609 | D:7      | Noticed Dowan
  9618 | D:7      | Killed Dowan
  9619 | D:7      | Killed Duvessa
  9829 | D:8      | Found a blossoming altar of Fedhas.
  9829 | D:8      | Found a snail-covered altar of Cheibriados.
 10011 | D:8      | Found a blossoming altar of Fedhas.
 10416 | D:8      | Reached *** piety under Cheibriados
 11398 | D:9      | Reached **** piety under Cheibriados
 11936 | D:10     | Entered Level 10 of the Dungeon
 11941 | D:10     | Noticed a cyclops
 12304 | D:10     | Killed a cyclops
 12304 | D:10     | Reached skill level 1 in Spellcasting
 12304 | D:10     | Reached skill level 1 in Evocations
 12853 | D:10     | Reached XP level 11. HP: 74/80 MP: 12/14
 13187 | D:10     | Reached skill level 5 in Invocations
 13365 | D:11     | Noticed a four-headed hydra
 13374 | D:11     | Mangled by a four-headed hydra

Illustrated notes

Levels and vault maps discovered:
D:1:      ncdulo_watergridlock, layout_basic, nicolae_ashenzari_panopticon
D:2:      layout_loops_ring, lemuel_round_altar, lemuel_crystal_altar,
          uniq_robin, uniq_jessica, uniq_sigmund
D:3:      layout_loops_ring, lemuel_doored_altar, st_stairs_10,
          uniq_crazy_yiuf_cottage
D:4:      layout_basic, trog_three_pillars_becter
D:5:      layout_loops_ring, lemuel_crystal_altar, temple_fountains,
          serial_bayou_pond_c, lemuel_angel_altar
D:6:      layout_basic, grunt_qazlal_sundering, uniq_pikel
D:7:      layout_basic, lightli_ossuary_entry_decrepit_ruins, enter_bailey_2,
          basic_altar, corexii_leaking_fountain, uniq_duvessa
D:8:      layout_basic, amethyst_overflow_temple_binary, fedhas_altar_1
D:9:      layout_loops_ring
D:10:     layout_cave_pools
D:11:     layout_basic, david_lair_generic, hiddenorc2_lemuel
Temple:   regret_index_temple_generic_petals

Skill      XL: |  1  2  3  4  5  6  7  8  9 10 11 |
---------------+----------------------------------+-----
Stealth        | 3 4 5 6 |  6.0
Fighting       | 4 5 7 8 9 |  9.4
Axes           | 4 5 7 8 9 |  9.4
Dodging        | 4 5 7 8 9 |  9.0
Invocations    | 1 4 5 |  5.0
Spellcasting   | 1 2 |  2.1
Evocations     | 1 2 |  2.6

Action                   |  1- 3 |  4- 6 |  7- 9 | 10-12 || total
-------------------------+-------+-------+-------+-------++-------
Melee: Hand axe          |    64 |    88 |    80 |       ||   232
       Constrict         |    14 |    24 |    52 |    44 ||   134
       Tentacles         |     9 |    23 |    60 |    62 ||   154
       War axe           |       |       |   185 |   183 ||   368
       Morningstar       |       |       |       |     4 ||     4
Throw: Dart              |       |       |    20 |       ||    20
       Throwing net      |       |       |     1 |       ||     1
Invok: Bend Time         |       |       |       |     2 ||     2
Evoke: Wand              |       |     2 |    24 |       ||    26
  Use: Scroll            |     6 |     3 |     4 |    10 ||    23
       Potion            |       |     3 |     2 |       ||     5
 Stab: Sleeping          |     4 |    14 |    18 |    13 ||    49
       Distracted        |       |       |     2 |     2 ||     4
       Paralysed         |       |       |     4 |       ||     4
Armor: Skin              |     4 |     9 |    24 |    12 ||    49
Dodge: Dodged            |    46 |    52 |   286 |   234 ||   618

Table legend: (Time is in decaauts)
 A = Elapsed time spent in this place.
 B = Non-inter-level travel time spent in this place.
 C = Inter-level travel time spent in this place.
 D = Time resting spent in this place.
 E = Time spent auto-exploring this place.
 F = Levels seen in this place.
 G = Mean time per level.
                   A        B        C        D        E       F      G
               +--------+--------+--------+--------+--------+-----+--------+
         Total |  14732 |  14287 |    445 |   3111 |   8710 |  13 | 1133.2 |
       Dungeon |  12309 |  11888 |    421 |   1840 |   8291 |  11 | 1119.0 |
        Temple |    227 |    204 |     23 |      0 |    204 |   1 |  227.0 |
        Bailey |   2194 |   2194 |      0 |   1271 |    215 |   1 | 2194.0 |
               +--------+--------+--------+--------+--------+-----+--------+

Top non-repeatable levels by time:
     D:9: 2392 daAuts
  Bailey: 2194 daAuts
     D:7: 1422 daAuts
     D:6: 1229 daAuts
     D:4: 1206 daAuts
    D:10: 1195 daAuts
     D:2: 1119 daAuts
     D:8: 1114 daAuts
     D:3: 978 daAuts
     D:5: 868 daAuts
     D:1: 750 daAuts
  Temple: 227 daAuts
    D:11: 31 daAuts
